 Dungeon Crawl Stone Soup version 0.29.1-15-g9cfb28693d (webtiles) character file.

Game seed: 1331170203895450299

12 fleeber the Magician (level 2, 22/22 HPs)
             Began as a Djinni Ice Elementalist on Apr 9, 2023.
             Quit the game on level 2 of the Dungeon on May 29, 2023.
             The game lasted 00:03:27 (1354 turns).

fleeber the Magician (Djinni Ice Elementalist)      Turns: 1354, Time: 00:03:27

Health: 22/22      AC:  2    Str:  7    XL:     2   Next: 45%
Gold:   46         EV: 12    Int: 16    God:
                   SH:  0    Dex: 13

rFire   + + +      SeeInvis .   g - staff of fire
rCold   x . .      Faith    .   (no shield)
rNeg    + . .      Spirit   .   a - +0 robe
rPois   ∞          Reflect  .   (no helmet)
rElec   .          Harm     .   (no cloak)
rCorr   .          Rampage  .   (no gloves)
Will    .....                   (boots unavailable)
Stlth   ++........              (no amulet)
HPRegen 0.07/turn               j - ring of positive energy
MPRegen 0.00/turn               (no ring)

@: flying
A: sickness immunity, fire resistance 2, cold vulnerability 1, float, innate
caster, HP casting, extra vitality 1
a: no special abilities


You were on level 2 of the Dungeon.
You visited 1 branch of the dungeon, and saw 2 of its levels.

You collected 46 gold pieces.

Inventory:

Hand Weapons
 d - a +0 short sword
Armour
 a - a +0 robe (worn)
Magical Staves
 g - a staff of fire (weapon)
Jewellery
 j - a ring of positive energy (left hand)
Scrolls
 c - a scroll of vulnerability {unknown}
 f - a scroll of butterflies {unknown}
 h - a scroll of identify {unknown}
Potions
 b - a potion of heal wounds {unknown}
 e - a potion of curing {unknown}
 i - a potion of mutation {unknown}


   Skills:
 + Level 1.2 Fighting
 - Level 2.1 Dodging
 - Level 1.5 Stealth
 + Level 3.4 Spellcasting


You couldn't memorise any spells.
You knew the following spells:

 Your Spells              Type           Power      Damage    Failure   Level
a - Freeze                Ice            52%        1d7       4%          1
b - Frozen Ramparts       Ice            26%        1d4       13%         3
c - Ozocubu's Armour      Ice            13%        N/A       13%         3
d - Hailstorm             Conj/Ice       13%        3d5       38%         4
Your spell library was empty.

Dungeon Overview and Level Annotations

Branches:
Dungeon (2/15)

Altars:


Innate Abilities, Weirdness & Mutations

You are immune to sickness and miasma.
You are immune to poison.
Your flesh is very heat resistant. (rF++)
You are vulnerable to cold. (rC-)
You float through the air rather than walking.
You learn spells naturally, not from books.
Your magical power is your life essence.
You have superior vitality. (+4 MHP)


Message History

The endoplasm freezes you.
You are frozen.
An endoplasm is nearby!
Aiming: Freeze (safe; 4% risk of failure)
Press: ? - help, Shift-Dir - straight line, f/p - endoplasm
Aim: an endoplasm You freeze the endoplasm.
The endoplasm is heavily wounded.
The endoplasm freezes you.
You are frozen.
You feel a terrible chill!
Aiming: Freeze (safe; 4% risk of failure)
Press: ? - help, Shift-Dir - straight line, f/p - endoplasm
Aim: an endoplasm (heavily wounded)
You freeze the endoplasm.
The endoplasm is severely wounded.
The endoplasm freezes you.
You are frozen.
You feel a terrible chill!
Aiming: Freeze (safe; 4% risk of failure)
Press: ? - help, Shift-Dir - straight line, f/p - endoplasm
Aim: an endoplasm (severely wounded)
You freeze the endoplasm.
The endoplasm is almost dead.
The endoplasm misses you.
Aiming: Freeze (safe; 4% risk of failure)
Press: ? - help, Shift-Dir - straight line, f/p - endoplasm
Aim: an endoplasm (almost dead)
You freeze the endoplasm.
You kill the endoplasm!
You start resting.
Your magical contamination has completely faded away.
You start resting.
HP restored.
Save game and exit?
Welcome back, fleeber the Djinni Ice Elementalist.
Press ? for a list of commands and other information.
Unknown command.
Are you sure you want to abandon this character and quit the game? (Confirm with "yes".)
Okay, then.
Unknown command.
Are you sure you want to abandon this character and quit the game? (Confirm with "yes".)

..# .# #.# #>.##..#
#.# #..#.... #.#
######..#...# #.#
#<..........# # #.#
#.####...#.#
#.##.###.###......#
#.................#
###@.######.....##
#.#####..# ##...##
#........# ##.##
#######.#########.#
#.......<...#
#############


There were no monsters in sight!

Vanquished Creatures
  A dart slug (D:1)
  An endoplasm (D:2)
  A hobgoblin (D:1)
  A bat (D:1)
  A frilled lizard (D:1)
  2 goblins (D:1)
  A kobold (D:1)
  4 rats (D:1)
12 creatures vanquished.

Notes
Turn   | Place    | Note
-------+----------+-------------------------------------------
     0 | D:1      | fleeber the Djinni Ice Elementalist began the quest for the
                  | Orb.
     0 | D:1      | fleeber set off with the following spells memorised:
                  | Freeze, Frozen Ramparts, Ozocubu's Armour, Hailstorm.
     0 | D:1      | Reached XP level 1. HP: 15/15 MP: 0/0
   244 | D:1      | Reached XP level 2. HP: 12/22 MP: 0/0
   395 | D:1      | Reached skill level 1 in Fighting
   833 | D:1      | Found a faded altar of an unknown god.
  1354 | D:2      | Quit the game

Illustrated notes

Levels and vault maps discovered:
D:1:      shiori_arrival_elements, layout_loops_ring,
          shapermc_ecumenical_altar_petra, kennysheep_crisscross
D:2:      layout_loops_ring, basic_altar, nicolae_kite_square_tiling_tiny,
          hangedman_decor_diamond_cutter, serial_bayou_ford_a

Skill      XL: |  1  2 |
---------------+-------+-----
Fighting       | 1 |  1.2
Dodging        | |  2.1
Stealth        | |  1.5
Spellcasting   | |  3.4

Action                   || total
-------------------------++-------
 Cast: Freeze            ||    21
Armor: Robe              ||     4
Dodge: Dodged            ||     8
